 Dungeon Sprint DCSS version 0.20-a0-1122-gb7cbeb9 (webtiles) character file.

2600000 wolfsongas the Conqueror (level 18, -14/200 HPs)
             Began as a Demonspawn Berserker on May 15, 2017.
             Was an Elder of Trog.
             Demolished by a meat berserker
             ... wielding a +9 battleaxe
              (48 damage)
             ... in the Dungeon (Sprint VIII: "Arena of Blood").
             The game lasted 00:00:56 (26 turns).

wolfsongas the Conqueror (Demonspawn Berserker)       Turns: 26, Time: 00:00:56

Health: -14/200    AC:  8    Str: 27    XL:     18   Next: 31%
Magic:  18/18      EV: 41    Int:  8    God:    Trog [****..]
Gold:   0          SH:  0    Dex: 22    Spells: 17/17 levels left

rFire    + + .     SeeInvis .   j - +∞ Axe of Woe
rCold    . . .     Gourm    .   (shield currently unavailable)
rNeg     . . .     Faith    .   b - +0 animal skin
rPois    .         Spirit   .   (no helmet)
rElec    .         Reflect  .   (no cloak)
rCorr    .         Harm     .   (no gloves)
MR       +....     NoTele   +   (boots unavailable)
Stlth    ++........             (no amulet)
Regen    0.5/turn               (no ring)
MPRegen  0.2/turn               (no ring)

@: mighty, agile, hasted and slowed
A: hooves 3, molten scales 3, fire resistance 1, powered by pain 1, robust 1,
flame cloud immunity
a: Berserk, Trog's Hand, Brothers in Arms, Burn Spellbooks, Renounce Religion


You were in the Dungeon.
You worshipped Trog.
Trog was greatly pleased with you.
You were not hungry.

You visited 1 branch

Inventory:

Hand Weapons
 a - a +0 hand axe
 j - the +∞ Axe of Woe (weapon)
   (You found it in the Dungeon)
Armour
 b - a +0 animal skin (worn)
Scrolls
 i - a scroll of blinking
Potions
 d - a potion of curing
 e - a potion of heal wounds
 g - 2 potions of magic
 h - a potion of berserk rage
Comestibles
 c - a bread ration


   Skills:
 O Level 27 Fighting
 + Level 26.8 Axes
 + Level 26.8 Armour
 + Level 26.8 Dodging


You had 17 spell levels left.
You didn't know any spells.

Dungeon Overview and Level Annotations

Branches:
Dungeon (1/1)

Altars:
Makhleb


Innate Abilities, Weirdness & Mutations

You have hooves in place of feet.
You are completely covered in molten scales. (AC +4, rF+)
Your flesh is heat resistant. (rF+)
You sometimes gain a little power by taking damage.
You are robust. (+10% HP)
You are immune to clouds of flame.


Message History

The bag of meat shouts! 2 orcs come into view.
You're still recovering from your berserk rage.
The bag of meat shouts! x2
You slice the meat berserker!!
You dissect the meat berserker like a pig carcass.
You kill the meat berserker!
Trog accepts your kill.
Your Axes skill increases to level 26!
Your Armour skill increases to level 26!
Your Dodging skill increases to level 26!
You have reached level 18!
Your experience leads to an increase in your attributes!
Your base attributes are Str 21, Int 8, Dex 17.
Increase (S)trength, (I)ntelligence, or (D)exterity?
You feel stronger.
Your demonic ancestry asserts itself...
You feel robust.
You hear a shout! x4
The meat berserker hits you with a +9 battleaxe!!!
You die... .oo..o.... ......oo... ..o.ooVo.

#. O...o# #..
.O.§# .. .###..
ooo###...
......###O)......
....V.._O@)......
o.#..)).#......
#_.<._# .....
#....)# ....
......_..... ...
......###o.......
.###.. ...###...
#.. ...# . #..
...#


You could see 2 destroyers, 4 meat berserkers and 15 bags of meat.

Vanquished Creatures
  A vampire knight (D)
  4 ogres (D)
  6 orcs (D)
11 creatures vanquished.

Notes
Turn   | Place    | Note
-------+----------+-------------------------------------------
     0 | D        | wolfsongas the Demonspawn Berserker began the quest for the Orb.
     0 | D        | Reached XP level 1. HP: 18/18 MP: 1/1
     3 | D        | Noticed a bag of meat
     4 | D        | Noticed a bag of meat
     5 | D        | Noticed a bag of meat
     7 | D        | Noticed a meat berserker
    10 | D        | Killed a bag of meat
    10 | D        | Reached skill level 14 in Fighting
    10 | D        | Gained mutation: You are partially covered in molten scales. (AC +2) [demonic ancestry]
    10 | D        | Reached XP level 2. HP: 43/43 MP: 2/2
    10 | D        | Gained mutation: You have large cloven feet. [demonic ancestry]
    10 | D        | Reached XP level 3. HP: 49/49 MP: 3/3
    10 | D        | Gained mutation: You sometimes gain a little power by taking damage. [demonic ancestry]
    10 | D        | Reached XP level 4. HP: 56/56 MP: 4/4
    10 | D        | Reached XP level 5. HP: 62/62 MP: 5/5
    10 | D        | Gained mutation: You are mostly covered in molten scales. (AC +3) [demonic ancestry]
    10 | D        | Reached XP level 6. HP: 69/69 MP: 6/6
    10 | D        | Reached XP level 7. HP: 75/75 MP: 7/7
    10 | D        | Reached XP level 8. HP: 82/82 MP: 8/8
    10 | D        | Reached XP level 9. HP: 88/88 MP: 9/9
    10 | D        | Gained mutation: You have hoof-like feet. [demonic ancestry]
    10 | D        | Reached XP level 10. HP: 95/95 MP: 10/10
    10 | D        | Gained mutation: You have hooves in place of feet. [demonic ancestry]
    10 | D        | Reached XP level 11. HP: 101/101 MP: 11/11
    10 | D        | Killed a bag of meat
    10 | D        | Reached ** piety under Trog
    10 | D        | Reached skill level 16 in Fighting
    10 | D        | Reached skill level 15 in Axes
    10 | D        | Reached skill level 15 in Armour
    10 | D        | Reached skill level 15 in Dodging
    10 | D        | Gained mutation: Your flesh is heat resistant. (rF+) [demonic ancestry]
    10 | D        | Reached XP level 12. HP: 113/113 MP: 12/12
    11 | D        | Killed a meat berserker
    11 | D        | Reached skill level 19 in Fighting
    11 | D        | Gained mutation: You are immune to clouds of flame. [demonic ancestry]
    11 | D        | Reached XP level 13. HP: 122/126 MP: 13/13
    11 | D        | Reached XP level 14. HP: 128/133 MP: 14/14
    13 | D        | Killed a bag of meat
    13 | D        | Reached skill level 20 in Fighting
    14 | D        | Noticed a bag of meat
    15 | D        | Noticed a meat berserker
    16 | D        | Noticed a bag of meat
    16 | D        | Noticed a bag of meat
    17 | D        | Killed a bag of meat
    17 | D        | Reached *** piety under Trog
    17 | D        | Reached skill level 21 in Fighting
    17 | D        | Reached XP level 15. HP: 95/144 MP: 15/15
    18 | D        | Killed a meat berserker
    18 | D        | Reached skill level 22 in Fighting
    20 | D        | Noticed a meat berserker
    21 | D        | Noticed a meat berserker
    21 | D        | Reached skill level 23 in Fighting
    21 | D        | Reached XP level 16. HP: 65/157 MP: 16/16
    22 | D        | Noticed a meat berserker
    22 | D        | Noticed a meat berserker
    23 | D        | Noticed a destroyer
    23 | D        | Reached skill level 24 in Fighting
    24 | D        | Noticed a destroyer
    24 | D        | Noticed a destroyer
    25 | D        | Noticed a meat berserker
    25 | D        | Noticed a meat berserker
    25 | D        | Killed a meat berserker
    25 | D        | Reached **** piety under Trog
    25 | D        | Reached skill level 25 in Fighting
    25 | D        | Gained mutation: You are completely covered in molten scales. (AC +4, rF+) [demonic ancestry]
    25 | D        | Reached XP level 17. HP: 32/170 MP: 17/17
    25 | D        | Killed a destroyer
    25 | D        | Reached skill level 27 in Fighting
    26 | D        | Killed a meat berserker
    26 | D        | Gained mutation: You are robust. (+10% HP) [demonic ancestry]
    26 | D        | Reached XP level 18. HP: 33/200 MP: 18/18
    26 | D        | Demolished by a meat berserker

Vault maps used:
D:        meatsprint

Skill      XL: |  1  2  3  4  5  6  7  8  9 10 11 12 13 14 15 16 17 |
---------------+----------------------------------------------------+-----
Fighting       | 14 16 19 21 23 25 27 | 27.0
Axes           | 13 15 18 19 22 23 26 | 26.8
Armour         | 13 15 18 19 21 23 26 | 26.8
Dodging        | 13 15 18 19 21 23 26 | 26.8

Action                   |  1- 3 |  4- 6 |  7- 9 | 10-12 | 13-15 | 16-18 || total
-------------------------+-------+-------+-------+-------+-------+-------++-------
Melee: Executioner's axe |     1 |       |       |     1 |     4 |     3 ||     9
Invok: Berserk           |     1 |       |       |       |       |       ||     1
  Use: Potion            |       |       |       |       |     1 |       ||     1
Dodge: Dodged            |       |       |       |       |     2 |     1 ||     3
